 Dungeon Crawl Stone Soup version 0.28.0-53-g5a82cb258f (webtiles) character file.

Game seed: 17608741512143559832

1276 Descartes the Conjurer (level 8, 0/46 HPs)
             Began as an Octopode Wanderer on June 11, 2022.
             Slain by a sky beast (3 damage)
             ... on level 5 of the Dungeon.
             The game lasted 00:24:46 (9500 turns).

Descartes the Conjurer (Octopode Wanderer)          Turns: 9500, Time: 00:24:47

Health: 0/46       AC:  1    Str: 17    XL:     8   Next: 54%
Magic:  10/12      EV: 13    Int: 18    God:
Gold:   214        SH:  5    Dex: 10    Spells: 2/13 levels left

rFire   + . .      SeeInvis .   y - +5 mace "Woanoriez" {freeze, rPois rF+ Str+6 Stlth+}
rCold   . . .      Faith    .   f - +0 buckler
rNeg    . . .      Spirit   .   c - +0 hat
rPois   +          Reflect  .   (no amulet)
rElec   .          Harm     .   (no ring)
rCorr   .          Rampage  .   (no ring)
Will    .....                   (no ring)
Stlth   ++++......              (no ring)
HPRegen 0.15/turn               (no ring)
MPRegen 0.13/turn               (no ring)
                                (no ring)
                                (no ring)

@: invisible
A: almost no armour, amphibious, 8 rings, camouflage 1, gelatinous body 1,
(nimble swimmer 1), tentacles
a: no special abilities


You were on level 5 of the Dungeon.
You visited 1 branch of the dungeon, and saw 6 of its levels.
You also visited: Ossuary.

You collected 214 gold pieces.

Inventory:

Hand Weapons
 a - a +0 club
 h - a +0 rapier
 o - a +0 hunting sling
 y - the +5 mace "Woanoriez" (weapon) {freeze, rPois rF+ Str+6 Stlth+}
   (You found it on level 4 of the Dungeon)

   It freezes those it strikes, dealing additional cold damage.
   It can also slow down cold-blooded creatures.
   Str:       It affects your strength (+6).
   rF:        It protects you from fire.
   rPois:     It protects you from poison.
   Stlth:     It makes you more stealthy.
 z - a +2 quarterstaff of chaos
Missiles
 b - 90 stones (quivered)
 p - 40 sling bullets
 v - 40 arrows
 w - 12 boomerangs
 C - 2 throwing nets
 I - 28 bolts
Armour
 c - a +0 hat (worn)
 f - a +0 buckler (worn)
Jewellery
 n - a ring of fire
Scrolls
 d - a scroll of brand weapon {unknown}
 e - a scroll of immolation
 i - 2 scrolls of fear
 j - 2 scrolls of teleportation
 l - a scroll of enchant weapon
 q - a scroll of vulnerability
 r - 8 scrolls of noise
 G - a scroll of magic mapping {unknown}
 H - 2 scrolls of fog {unknown}
Potions
 g - 8 potions of degeneration
 k - 2 potions of haste {unknown}
 m - 2 potions of lignification {unknown}
 s - 6 potions of invisibility
 t - 2 potions of brilliance {unknown}
 u - 2 potions of curing {unknown}
 x - a potion of attraction {unknown}
 A - a potion of magic {unknown}
 B - a potion of might {unknown}
 D - a potion of mutation
 E - a potion of berserk rage {unknown}
 F - a potion of flight {unknown}


   Skills:
 - Level 1.0 Throwing
 + Level 3.2 Dodging
 - Level 4.0 Stealth
 * Level 5.0 Shields
 + Level 3.2 Spellcasting
 + Level 5.4 Conjurations
 + Level 3.3 Air Magic
 + Level 3.5 Earth Magic
 + Level 3.2 Poison Magic


You had 2 spell levels left.
You knew the following spells:

 Your Spells              Type           Power      Damage    Failure   Level
a - Shock                 Conj/Air       72%        1d7       3%          1
b - Sandblast             Erth           30%        2d9       4%          1
c - Mephitic Cloud        Conj/Pois/Air  17%        N/A       12%         3
d - Magic Dart            Conj           88%        1d7       2%          1
e - Passwall              Tmut/Erth      7%         N/A       16%         2
f - Stone Arrow           Conj/Erth      38%        3d9       10%         3

Your spell library contained the following spells:

 Spells                   Type           Power      Damage    Failure   Level
 Summon Small Mammal      Summ           8%         N/A       21%         1
 Call Imp                 Summ           2%         N/A       30%         2
 Call Canine Familiar     Summ           2%         N/A       52%         3
 Ozocubu's Armour         Ice            2%         N/A       52%         3
 Summon Guardian Golem    Hex/Summ       2%         N/A       52%         3
 Animate Dead             Necr           1%         N/A       90%         4
 Borgnjor's Vile Clutch   Necr/Erth      4%         N/A       95%         5
 Death Channel            Necr           1%         N/A       100%        6
 Ozocubu's Refrigeration  Ice            1%         4d5       100%        7


Dungeon Overview and Level Annotations

Branches:
Dungeon (6/15)             Temple (0/1) D:6         Ossuary (visited)

Altars:

Shops:
D:3 ?


Innate Abilities, Weirdness & Mutations

You cannot wear most types of armour.
You are amphibious.
You can wear up to eight rings at the same time.
Your skin changes colour to match your surroundings (Stealth+).
Your rubbery body absorbs attacks. (AC +1, EV +1)
((You are camouflaged when in or above water. (Stealth+)))
You have tentacles for arms and can constrict up to eight enemies at once.


Message History

Press: ? - help, Shift-Dir - straight line, f/p - sky beast
Aim: a sky beast (moderately wounded, 71% to hit)
The blast of sand misses the sky beast.
b - 90 stones The sky beast hits you.
The sky beast shocks you.
Casting: Sandblast (safe; 4% risk of failure)
Confirm with . or Enter, or press ? or * to list all spells.
Aiming: Sandblast (safe; 4% risk of failure)
Press: ? - help, Shift-Dir - straight line, p - sky beast
Okay, then.
You barely miss the sky beast.
The sky beast is moderately wounded.
The sky beast barely misses you.
You hit the sky beast. You freeze the sky beast.
Your squeeze misses the sky beast.
The sky beast is heavily wounded.
The sky beast closely misses you. x2
You barely miss the sky beast. You squeeze the sky beast.
The sky beast is heavily wounded.
You block the sky beast's attack.
You barely miss the sky beast. Your squeeze misses the sky beast.
The sky beast is heavily wounded.
The sky beast closely misses you. The sky beast hits you.
The sky beast shocks you.
* * * LOW HITPOINT WARNING * * *
You hit the sky beast. You freeze the sky beast.
You squeeze the sky beast, but do no damage.
The sky beast is severely wounded.
The sky beast closely misses you.
You hit the sky beast. You freeze the sky beast.
The sky beast is almost dead.
You block the sky beast's attack.
The sky beast flickers out of sight!
Deactivating autopickup; reactivate with Ctrl-A.
Something hits you.
* * * LOW HITPOINT WARNING * * *
Something shocks you.
* * * LOW HITPOINT WARNING * * *
You fade into invisibility!
Something hits you.
You die...

#.# #.##.........#### #.#
#.##..#####..# ##### #.#
#.##..# #..# ##...# #.#
#.##..#####..####
.....####.#
#.##..##.........
##........#
#.##..##.########
########.# #.##..##.#
#.#######.##..##.#
#.......@.....##.#
###.##...{###.##.########
#.##[#### #............
#.##.# ###...######.
#.##.########.#.# ##.
#.##..........#.#####..
####.....##......#........
#.............#######.##..
#.##........#..>.#..).#...


There were no monsters in sight!

Vanquished Creatures
  Eustachio (D:5)
  2 ice beasts (D:6)
  An ogre (D:6)
  A centaur (D:5)
  A water moccasin skeleton (D:6)
  A centaur zombie (Ossuary)
  A bullfrog zombie (D:6)
  3 hounds
  2 human zombies (Ossuary)
  2 jellies (D:6)
  Crazy Yiuf (D:4)
  A gnoll shaman (D:5)
  An orc priest (D:4)
  An iguana (D:5)
  An orc wizard (D:3)
  A hound zombie (D:5)
  5 mummies (Ossuary)
  6 gnolls
  3 adders
  An adder skeleton (D:4)
  2 worms
  5 dart slugs
  27 orcs
  7 endoplasms
  6 giant cockroaches
  11 goblins
  5 hobgoblins
  2 jackals (D:1)
  5 quokkas
  12 ball pythons
  11 bats
  A frilled lizard (D:2)
  A gnoll zombie (Ossuary)
  A goblin zombie (D:6)
  2 hobgoblin zombies (Ossuary)
  A kobold (D:3)
  2 orc zombies (Ossuary)
  4 rats
  A rat zombie (D:6)
142 creatures vanquished.

Vanquished Creatures (others)
  6 plants (D:5)
6 creatures vanquished.

Grand Total: 148 creatures vanquished

Notes
Turn   | Place    | Note
-------+----------+-------------------------------------------
     0 | D:1      | Descartes the Octopode Wanderer began the quest for the
                  | Orb.
     0 | D:1      | Descartes set off with the following items: a +0 club, 37
                  | stones, a +0 hat; and the following spells available to
                  | memorise: Magic Dart, Shock, Sandblast, Stone Arrow,
                  | Mephitic Cloud
     0 | D:1      | Reached XP level 1. HP: 11/11 MP: 2/2
    16 | D:1      | Learned a level 1 spell: Shock
    18 | D:1      | Learned a level 1 spell: Sandblast
   314 | D:1      | Reached XP level 2. HP: 2/17 MP: 0/3
   892 | D:1      | Found a faded altar of an unknown god.
   894 | D:1      | Reached skill level 1 in Shields
  1399 | D:1      | Reached XP level 3. HP: 21/21 MP: 1/4
  1634 | D:1      | You fall into a shaft and drop 1 floor!
  1640 | D:2      | Reached skill level 1 in Dodging
  2247 | D:2      | Reached XP level 4. HP: 27/27 MP: 3/6
  2248 | D:2      | Reached skill level 1 in Air Magic
  3417 | D:3      | Found Pogistiaz's Magic Scroll Boutique.
  3436 | D:3      | Reached XP level 5. HP: 31/31 MP: 4/7
  4874 | D:4      | Learned a level 3 spell: Mephitic Cloud
  5631 | D:4      | Reached XP level 6. HP: 36/36 MP: 4/9
  5891 | D:4      | Found a runed translucent door.
  5894 | D:4      | Noticed Crazy Yiuf
  5899 | D:4      | Identified the +5 mace "Woanoriez" {freeze, rPois rF+ Str+6
                  | Stlth+}
  5913 | D:4      | Killed Crazy Yiuf
  5968 | D:4      | Reached skill level 1 in Poison Magic
  6069 | D:5      | Entered Level 5 of the Dungeon
  6666 | D:5      | Noticed Eustachio
  6687 | D:5      | Killed Eustachio
  6688 | D:5      | Reached XP level 7. HP: 27/41 MP: 1/10
  7088 | D:5      | HP: 2/41 [centaur/arrow (12)]
  7609 | D:5      | Learned a level 1 spell: Magic Dart
  7612 | D:5      | Learned a level 2 spell: Passwall
  7616 | D:5      | Learned a level 3 spell: Stone Arrow
  7896 | D:6      | Reached skill level 5 in Conjurations
  7900 | D:6      | Found a staircase to the Ecumenical Temple.
  7997 | D:6      | Found a sand-covered staircase.
  8005 | Ossuary  | Entered an ossuary
  8209 | Ossuary  | Reached XP level 8. HP: 23/46 MP: 12/12
  9266 | D:6      | Reached skill level 5 in Shields
  9499 | D:5      | HP: 2/46 [something (6)]
  9500 | D:5      | Slain by a sky beast

Illustrated notes

Levels and vault maps discovered:
D:1:      amcnicky_arrival_double_pillar, layout_basic,
          nicolae_ecumenical_lake_church, minmay_misc_feat_nine_boxes,
          st_stairs_6, roderic_nine_men_s_morris, minivault_23
D:2:      layout_basic
D:3:      layout_basic, serial_shops, nicolae_shop_waterfront
D:4:      layout_rooms, dk_noncrumbling_2, uniq_crazy_yiuf_cottage
D:5:      layout_loops_ring, corexii_checkpoint_a, serial_bayou_pond_a,
          uniq_eustachio
D:6:      layout_basic, minmay_temple_entry_statues_pillars,
          gammafunk_ghost_cemetery, enter_ossuary_4, minmay_checkerbox

Skill      XL: |  1  2  3  4  5  6  7  8 |
---------------+-------------------------+-----
Shields        | 1 2 3 4 5 |  5.0
Dodging        | 1 2 3 |  3.2
Air Magic      | 1 2 3 |  3.3
Spellcasting   | 2 3 |  3.2
Earth Magic    | 2 3 |  3.5
Poison Magic   | 1 2 3 |  3.2
Conjurations   | 5 |  5.4
Throwing       | |  1.0
Stealth        | |  4.0

Action                   |  1- 3 |  4- 6 |  7- 9 || total
-------------------------+-------+-------+-------++-------
Melee: Club              |    10 |       |       ||    10
       Constrict         |     6 |     5 |     4 ||    15
       Tentacles         |     4 |     1 |     7 ||    12
       Rapier            |    14 |    18 |       ||    32
       Mace              |       |    12 |    25 ||    37
 Cast: Shock             |    52 |   185 |   120 ||   357
       Sandblast         |     1 |       |    26 ||    27
       Magic Dart        |       |       |     1 ||     1
  Use: Potion            |       |     4 |     2 ||     6
       Scroll            |       |       |     5 ||     5
 Stab: Sleeping          |       |     1 |       ||     1
       Invisible         |       |     1 |       ||     1
Armor: Skin              |     5 |     4 |     4 ||    13
Dodge: Dodged            |    15 |    40 |    36 ||    91
Block: Buckler           |     5 |    14 |    12 ||    31
